 Dungeon Crawl Stone Soup version 0.21.0-3-g78d12a8bdd (webtiles) character file.

867 XJIaMuguOo3 the Chopper (level 8, -5/70 HPs)
             Began as a Hill Orc Fighter on Jan 9, 2018.
             Was an Initiate of Makhleb.
             Drowned by a water elemental (10 damage)
             ... created by the adversity of Qazlal
             ... on level 5 of the Dungeon.
             The game lasted 00:26:08 (4900 turns).

XJIaMuguOo3 the Chopper (Hill Orc Fighter)          Turns: 4900, Time: 00:26:08

Health: -5/70      AC:  9    Str: 21    XL:     8   Next: 3%
Magic:  8/8        EV:  8    Int:  8    God:    Makhleb [......]
Gold:   221        SH: 10    Dex: 10    Spells: 7/7 levels left

rFire    + . .     SeeInvis .   a - +0 war axe
rCold    x . .     Gourm    .   c - +0 shield
rNeg     . . .     Faith    .   b - +0 scale mail
rPois    .         Spirit   .   (no helmet)
rElec    .         Reflect  .   (no cloak)
rCorr    .         Harm     .   s - +1 pair of gloves
MR       .....                  (no boots)
Stlth    ..........             (no amulet)
HPRegen  0.21/turn              q - ring of fire
MPRegen  0.11/turn              (no ring)

@: engulfed (cannot breathe)
A: no striking features
a: Renounce Religion


You were on level 5 of the Dungeon.
You worshipped Makhleb.
Makhleb was noncommittal.
You were not hungry.

You visited 2 branches of the dungeon, and saw 6 of its levels.

You collected 221 gold pieces.

Inventory:

Hand Weapons
 a - a +0 war axe (weapon)
Armour
 b - a +0 scale mail (worn)
 c - a +0 shield (worn)
 s - a +1 pair of gloves (worn)
Jewellery
 q - a ring of fire (left hand)
Wands
 p - a wand of random effects (15)
Scrolls
 g - 3 scrolls of identify {unknown}
 j - a scroll of fog {unknown}
 k - 2 scrolls of teleportation {unknown}
 o - 2 scrolls of amnesia {unknown}
 r - a scroll of noise {unknown}
 u - 2 scrolls of remove curse {unknown}
 v - a scroll of summoning {unknown}
 w - a scroll of enchant armour {unknown}
Potions
 d - 2 potions of might
 e - 2 potions of curing {unknown}
 h - a potion of flight {unknown}
 i - 2 potions of agility {unknown}
 l - a potion of degeneration {unknown}
 n - a potion of berserk rage {unknown}
Books
 m - a book of Flames

   Spells                             Type                      Level
   a - Flame Tongue                   Conjuration/Fire             1
   b - Throw Flame                    Conjuration/Fire             2
   c - Conjure Flame                  Conjuration/Fire             3
   d - Inner Flame                    Hexes/Fire                   3
   e - Sticky Flame                   Conjuration/Fire             4
   f - Fireball                       Conjuration/Fire             5
Comestibles
 f - 8 rations


   Skills:
 + Level 5.6 Fighting
 + Level 7.9 Axes
 + Level 4.7 Armour
 + Level 1.6 Dodging
 + Level 0.4 Stealth
 + Level 5.3 Shields


You had 7 spell levels left.
You didn't know any spells.

Dungeon Overview and Level Annotations

Branches:
Dungeon (5/15)             Temple (1/1) D:4

Altars:
Ashenzari
Cheibriados
Dithmenos
Elyvilon
Fedhas
Gozag
Hepliaklqana
Kikubaaqudgha
Makhleb
Nemelex Xobeh
Okawaru
Qazlal
Ru
Sif Muna
Trog
Uskayaw
Vehumet
Xom
Yredelemnul
The Shining One

Shops:
D:4 }


Message History

Your lungs strain for air!
The water elemental hits you.
You barely miss the water elemental.
The water elemental is moderately damaged.
Your lungs strain for air!
The water elemental hits you!
* * * LOW HITPOINT WARNING * * *
You slash the water elemental!
The water elemental is heavily damaged.
* * * LOW HITPOINT WARNING * * *
Your lungs strain for air!
You block the water elemental's attack.
You hit the water elemental but do no damage.
The water elemental is heavily damaged.
* * * LOW HITPOINT WARNING * * *
Your lungs strain for air!
The water elemental closely misses you. You block the water elemental's attack.
You hit the water elemental but do no damage.
The water elemental is heavily damaged.
You die...

...#.........#
...#.........#....
...#.........#....
...#.........#....
...#.........#....
...#..<......#.... .
...#.........# ..######...
...#.........#####.........
...#..........#.@El........
...#..........'..#......###
...#..........#..#.)....#
...#.........#####......#
...'.........# ########
...#.........#
...#.........#
##############


You could see a water elemental and a basilisk.

Vanquished Creatures
  An ice beast (D:4)
  2 ogres
  2 scorpions (D:5)
  A howler monkey (D:4)
  A crimson imp (D:5)
  A hound (D:4)
  2 jellies (D:5)
  An orc wizard (D:4)
  Jessica (D:3)
  An iguana (D:5)
  Terence (D:3)
  A worker ant (D:4)
  A worker ant zombie (D:5)
  A howler monkey skeleton (D:4)
  6 adders
  A shadow imp (D:5)
  An ooze (D:3)
  2 adder skeletons
  2 worms (D:2)
  2 dart slugs
  5 leopard geckos
  6 orcs
  6 giant cockroaches
  8 goblins
  12 hobgoblins
  17 jackals
  3 quokkas
  2 ball pythons
  6 bats
  5 frilled lizards
  14 kobolds
  A quokka skeleton (D:5)
  11 rats
  7 plants (D:3)
134 creatures vanquished.

Notes
Turn   | Place    | Note
-------+----------+-------------------------------------------
     0 | D:1      | XJIaMuguOo3 the Hill Orc Fighter began the quest for the Orb.
     0 | D:1      | Reached XP level 1. HP: 19/19 MP: 1/1
   123 | D:1      | Reached XP level 2. HP: 26/27 MP: 2/2
   201 | D:1      | Reached skill level 3 in Axes
   275 | D:1      | Reached XP level 3. HP: 23/33 MP: 3/3
  1017 | D:2      | Reached XP level 4. HP: 40/40 MP: 4/4
  1096 | D:2      | Reached skill level 4 in Axes
  1844 | D:3      | Reached skill level 1 in Dodging
  1874 | D:3      | Reached XP level 5. HP: 39/47 MP: 5/5
  1977 | D:3      | Noticed Terence
  1991 | D:3      | Killed Terence
  2443 | D:3      | Found a faded altar of an unknown god.
  2604 | D:3      | Became a worshipper of Qazlal Stormbringer
  2604 | D:3      | Reached * piety under Qazlal
  3140 | D:3      | Noticed Jessica
  3149 | D:3      | Killed Jessica
  3149 | D:3      | Reached skill level 5 in Axes
  3176 | D:3      | Found a hide-covered altar of Uskayaw.
  3507 | D:4      | Noticed an ogre
  3511 | D:4      | Killed an ogre
  3511 | D:4      | Reached XP level 6. HP: 53/53 MP: 6/6
  3574 | D:4      | Reached ** piety under Qazlal
  3614 | D:4      | Reached skill level 6 in Axes
  3639 | D:4      | Found a staircase to the Ecumenical Temple.
  3652 | Temple   | Entered the Ecumenical Temple
  3698 | Temple   | Fell from the grace of Qazlal
  3698 | Temple   | Became a worshipper of Makhleb the Destroyer
  3990 | D:4      | Found a bloodstained altar of Trog.
  4000 | D:4      | Noticed an ice beast
  4003 | D:4      | Found Jufoung's Gadget Shop.
  4020 | D:4      | Killed an ice beast
  4020 | D:4      | Reached skill level 5 in Fighting
  4020 | D:4      | Reached XP level 7. HP: 61/61 MP: 7/7
  4142 | D:4      | Found a shattered altar of Ashenzari.
  4256 | D:5      | Entered Level 5 of the Dungeon
  4261 | D:5      | Found a stormy altar of Qazlal.
  4273 | D:5      | Reached skill level 5 in Shields
  4344 | D:5      | Reached skill level 7 in Axes
  4419 | D:5      | Found an opulent altar of Gozag.
  4636 | D:5      | Reached XP level 8. HP: 12/70 MP: 8/8
  4893 | D:5      | Noticed a water elemental
  4900 | D:5      | Drowned by a water elemental

Skill      XL: |  1  2  3  4  5  6  7 |
---------------+----------------------+-----
Fighting       | 4 5 |  5.6
Axes           | 3 4 5 6 7 |  7.9
Dodging        | 1 |  1.6
Shields        | 4 5 |  5.3
Armour         | 4 |  4.7
Stealth        | |  0.4

Action                   |  1- 3 |  4- 6 |  7- 9 || total
-------------------------+-------+-------+-------++-------
Melee: War axe           |   143 |   276 |    94 ||   513
  Eat: Chunk             |       |    10 |     4 ||    14
Armor: Scale mail        |    73 |    93 |    34 ||   200
Dodge: Dodged            |    63 |    68 |    31 ||   162
Block: Shield            |   106 |   132 |    39 ||   277
